Description

This is my favorite way to play Vorazun Dt's and Corsairs are great unit that can deal with anything. Black Hole is great for air units and buying time if you need it. Time Stops should be used asap so try to be in position before it goes off cool down. Try your best to use multiple control groups to maximize dps and minimize damage to your units.

VOD

https://youtu.be/-td168RJxPE

Replay - Best Build Order Vorazun Easy Expo

Build Order

Get SALT Encoding   

  12  0:03  Probe (Chrono Boost)  
  13  0:10  Dark Pylon  
  13  0:17  Probe (Chrono Boost)  
  14  0:22  Assimilator  
  14  0:30  Probe (Chrono Boost)  
  14  0:37  Assimilator  
  15  0:44  Probe (Chrono Boost)  
  16  0:59  Gateway  
  16  1:03  Probe (Chrono Boost)  
  17  1:17  Probe (Chrono Boost)  
  18  1:31  Probe (Chrono Boost)  
  18  1:34  Pylon  
  19  1:45  Probe (Chrono Boost)  
  20  1:59  Probe (Chrono Boost)  
  21  2:05  Cybernetics Core  
  21  2:13  Probe (Chrono Boost)  
  24  2:53  Pylon  
  24  2:56  Twilight Council  
  25  3:23  Assimilator  
  25  3:34  Nexus  
  25  3:37  Assimilator  
  25  3:47  Dark Shrine  
  25  3:50  Gateway  
  25  3:56  Warp Gate  
  27  4:16  Shadow Fury  
  27  4:26  Gateway  
  29  4:47  Dark Templar  
  33  5:14  Stargate x2  
  33  5:28  Dark Templar  
  38  5:52  Dark Templar  
  42  6:19  Protoss Air Weapons Level 1  
  42  6:22  Fleet Beacon  
  42  6:31  Corsair x2  
  42  6:38  Dark Templar x2  
  50  6:48  Pylon  
  50  7:05  Pylon  
  50  7:07  Corsair x2  
  54  7:26  Stealth Drive  
  54  7:31  Dark Templar Blink  
  54  7:33  Dark Templar  
  56  7:42  Corsair x2  
  60  8:15  Dark Templar x2  
  64  8:36  Protoss Air Weapons Level 2  
  64  8:51  Corsair x2  
  64  8:56  Disruption Web  
  68  9:04  Dark Templar  
  70  9:24  Pylon  
  70  9:35  Forge  
  70  9:49  Corsair x2  
  75  9:58  Dark Templar  
Spawning Tool Build Advisor. Get it on Overwolf

Go to:

Details

  • Created by: hunter      
  • Published on: Jun 16, 2018
  • Patch: 4.0.0
  • Difficulty: Easy
Show
View Real Time Build Order
Export as new Build Order

Comments (0)

There are no comments. Be the first!

Create an account to comment!